[Event "Djerba Festival Blitz 2025"]
[Site "Djerba"]
[Date "2025.02.21"]
[Round "9.1"]
[White "Maurizzi, Marc`Andria"]
[Black "Oro, Faustino"]
[Result "0-1"]
[Annotator "TA"]
[ECO "D02"]
[WhiteElo "2581"]
[BlackElo "2447"]
[PlyCount "141"]
[EventDate "2025.02.15"]
[EventType "swiss"]
[EventCountry "TUN"]
[SourceTitle "playchess.com"]
[Source "ChessBase"]
[SourceQuality "1"]
[TimeControl "180+3"]

1. Nf3 Nf6 2. d4 d5 3. c3 e6 4. Bf4 Bd6 5. e3 O-O 6. Nbd2 {[%emt 0:00:02] D02: 1 d4 d5 2 Nf3 sidelines, including 2...Nf6 3 g3 and 2...Nf6 3 Bf4.} c5 7. Bd3 $1 Bxf4 8. exf4 {[%emt 0:00:02] The position is equal.} b6 9. O-O Ba6 10. Bxa6 Nxa6 11. Qe2 Nb8 12. Ne5 Qc7 13. g3 $146 (13. Ndf3 Nc6 14. Rad1 cxd4 15. Nxc6 Qxc6 16. Nxd4 Qc7 17. g3 a6 18. Rfe1 {1-0 Grachev,B (2619)-Matlakov,M (2688) EU-Cup Online Play-C rapid 2021 (4.2)}) 13... Nc6 14. Rac1 Rac8 15. Qe3 h6 16. Kg2 (16. dxc5 $11 bxc5 17. Qxc5) 16... Ne7 $15 17. Qd3 Nf5 18. g4 Nd6 (18... Nh4+ {seems wilder.} 19. Kg3 Ng6 20. Rce1 Nd7) 19. f3 Nd7 20. Qe2 (20. Rfe1 $15 {was preferable.}) 20... Rfe8 21. Nd3 ({White should play} 21. c4 $15) 21... a5 22. h4 Qc6 (22... h5 $17) 23. Ne5 Qc7 24. h5 f6 25. dxc5 (25. Ng6 $11) 25... fxe5 (25... bxc5 $15 26. Ng6 Nf7) 26. cxd6 $11 Qxd6 27. fxe5 Nxe5 28. Rce1 Nf7 29. f4 e5 30. Qe3 (30. Qb5 $11) 30... Qd7 $1 $17 31. Qg3 {[%emt 0:00:09] [#]} exf4 (31... d4 $1 $17 32. cxd4 exf4 (32... exd4 33. Kh3 $15) (32... Qxd4 33. Rf2 $17) 33. Rxe8+ Rxe8 34. Rxf4 (34. Qxf4 Qd5+ 35. Kg3 Qxa2 $11) 34... Qd5+ 35. Qf3 Qxa2) 32. Qxf4 $11 Ng5 33. Qf5 Qb5 34. Nb3 (34. a4 $11 Qxb2 (34... Qxa4 35. Nf3 $15) 35. Rxe8+ Rxe8 36. Qxd5+ Kh8 37. Qd7) 34... Rf8 {[%emt 0:00:00] Some like it hot} (34... Rxe1 $17 35. Qxc8+ Re8) 35. Qc2 $15 Rxf1 36. Rxf1 Qc4 37. Qd1 (37. Qf5 $1 $11 {and White has nothing to worry.}) 37... Qe4+ $19 38. Kh2 Qe5+ 39. Kg2 Ne6 $2 ({Better is} 39... Qe3 $19 40. Qxd5+ Kh8) 40. Qe1 (40. Nd4 $11 {remains equal.}) 40... Qd6 (40... Nf4+ $17 41. Kh1 Ne2) 41. Qg3 Qd7 $36 {[%emt 0:00:01][%mdl 2048] Black is more active.} (41... Qxg3+ {simplifies} 42. Kxg3 a4 43. Nd4 Nxd4 44. cxd4 Rc4) 42. Rf5 (42. Nd4 $11) 42... d4 43. Rf3 {[%emt 0:00:13] White is now going downhill.} (43. Nxd4 $15 Nxd4 44. cxd4) 43... Qd5 44. Kh2 {[%emt 0:00:03] [#]} (44. Kg1 $142) 44... dxc3 $1 (44... Ng5 45. Rf5 Qe6 46. Nxd4 Qxa2 47. Rb5 $17) 45. Rxc3 (45. Rf5 {is a better defense.} Qc4 46. bxc3) 45... Rf8 46. Rd3 Qc4 (46... Qe4 {( -> ...Qe2+)} 47. Nd2 Qe2+ 48. Kh1 Nf4) 47. Rd2 (47. Nd2 {nothing else works.} Qb4 (47... Qxa2 $2 48. Qe5 $19) 48. b3) 47... Ng5 48. Rf2 {[%emt 0:00:01] Against Nf3+} Re8 (48... Rxf2+ $19 {has better winning chances.} 49. Qxf2 Qxg4) 49. Nd2 Qxa2 50. Qf4 $2 (50. Qc3) 50... Qxb2 51. Ne4 Qe5 (51... Rxe4 $2 52. Qf8+ (52. Rxb2 $2 {loses.} Rxf4 53. Rxb6 Rxg4 $19) 52... Kh7 53. Rxb2 $18) 52. Nxg5 $2 (52. Qxe5 Rxe5 53. Nd6) 52... hxg5 53. Qxe5 Rxe5 {[%emt 0:00:00][%mdl 4096] Endgame KR-KR. Black is two pawns up.} 54. Rc2 b5 55. Rc7 b4 56. Rb7 Re2+ 57. Kg3 Re3+ 58. Kf2 Ra3 59. Ke2 Rg3 60. Rb5 Ra3 (60... Rg1 $19 {Hoping for ...a4.} 61. Kf3 Ra1 62. Rxg5 a4) 61. Kd2 $2 (61. Rb7 $1 $11 b3 62. Kd3) 61... b3 62. Rxg5 a4 63. Rb5 (63. Kc3 $142 Ra2 64. Rb5) 63... Ra2+ 64. Kc3 Rg2 65. g5 Rg3+ 66. Kb2 Rg2+ 67. Kc3 $1 Kh7 {[%emt 0:00:04] ( -> ...a3)} 68. Kd3 $2 (68. Rb4 $19 b2 (68... Rxg5 $2 69. Rxa4 Rb5 70. Kb2 $17) 69. Rxb2 Rxg5 70. Kb4) 68... b2 {[%emt 0:00:02] Black mates.} 69. h6 gxh6 70. Rb7+ Kg6 71. Kd4 {[%emt 0:00:10] Weighted Error Value: White=0.67/Black=0.49  Loses game:     	White=1     	---        Missed win:     	---       	Black=2      Mistake:       	White=16    	Black=6      Inaccurate:     	White=2     	Black=6      OK:         	White=11    	Black=16     Best:        	White=5     	Black=2      Strong:       	White=2     	Black=2} 0-1

[Event "Djerba Festival Blitz 2025"]
[Site "Djerba"]
[Date "2025.02.21"]
[Round "9.2"]
[White "Dardha, Daniel"]
[Black "Pichon, Ewen"]
[Result "1-0"]
[Annotator "TA"]
[ECO "A17"]
[WhiteElo "2652"]
[BlackElo "2351"]
[PlyCount "39"]
[EventDate "2025.02.15"]
[EventType "swiss"]
[EventCountry "TUN"]
[SourceTitle "playchess.com"]
[Source "ChessBase"]
[SourceQuality "1"]
[TimeControl "180+3"]

1. c4 e6 2. Nf3 d5 3. e3 Nf6 4. Nc3 a6 5. b3 Bd6 6. Bb2 {[%emt 0:00:02] A17: English Opening: 1...Nf6 with ...Bb4.} Nbd7 7. Qc2 {[%emt 0:00:08] 7.g3 is the modern continuation.} b6 (7... O-O $11 {remains equal.}) 8. cxd5 $16 {[%emt 0:00:04] White is better.} exd5 {[%emt 0:00:03] [#]} 9. Nxd5 $1 Nxd5 {[%emt 0:00:12] [#]} (9... Bb7 10. Nxf6+) 10. Qe4+ $1 ({And not} 10. Bxg7 Rg8 11. Qe4+ Ne7 12. Qxa8 Rxg7 $11) 10... Kf8 {[%emt 0:00:31] and ...N7f6 should not be overlooked} 11. Qxd5 Rb8 12. Bc4 {[%emt 0:00:27][%csl Gc4][%cal Rd5f7] White is much more active. The black rooks are passive.} Qe7 13. O-O $146 {[%emt 0:00:03][%mdl 2048] White is in control.} (13. Qg5 f6 14. Qh5 Bb7 15. Nh4 Qe8 16. Qxe8+ Rxe8 17. O-O Ne5 18. Be2 Be4 19. f3 {1-0 Vignesh,N (2526)-Yuan,Q (2360) Titled Tuesday intern op 06th Aug Early blitz 2024 (9)}) 13... Bb7 14. Qf5 Be4 15. Qg4 Nf6 16. Qh3 Rg8 (16... h5 $142 17. Ng5 (17. Bxa6 Ng4 $16) 17... Bg6) 17. Ng5 $18 (17. Bxa6 b5 18. a4 bxa4 $11) 17... Bg6 18. f4 {[%emt 0:00:02][%cal Bf2f4,Bf4f5][%mdl 32] f5! is the strong threat.} h6 19. f5 Bh5 20. Bxf6 {[%emt 0:00:05] Black did not feel at home in the position after the opening.   Weighted Error Value: White=0.11 (very precise) /Black=0.25 (precise)   Mistake:       	---       	Black=2      OK:         	White=8     	Black=7      Best:        	White=2     	---        Brilliant:      	White=1     	---} 1-0

[Event "Djerba Festival Blitz 2025"]
[Site "Djerba"]
[Date "2025.02.21"]
[Round "9.3"]
[White "Thorfinnsson, Bjorn"]
[Black "Moussard, Jules"]
[Result "0-1"]
[Annotator "TA"]
[ECO "D03"]
[WhiteElo "2377"]
[BlackElo "2595"]
[PlyCount "83"]
[EventDate "2025.02.15"]
[EventType "swiss"]
[EventCountry "TUN"]
[SourceTitle "playchess.com"]
[Source "ChessBase"]
[SourceQuality "1"]
[TimeControl "180+3"]

1. d4 Nf6 2. Nf3 e6 3. Bg5 d5 4. e3 h6 5. Bh4 c5 6. c3 {[%emt 0:00:02] D03: 1 d4 d5 2 Nf3 Nf6 3 Bg5, including Torre Attack with early ...d5.} Nbd7 7. Nbd2 Qc7 8. Bd3 {[%emt 0:00:05] White has an edge.} Bd6 9. O-O (9. Qe2 a6 10. a3 b5 11. b4 c4 12. Bc2 Bb7 13. e4 dxe4 14. Nxe4 Nxe4 15. Bxe4 Nb6 16. Nd2 Bd5 17. a4 Bxe4 18. Qxe4 {½-½ Thorfinnsson,B (2353)-Moussard,J (2621) Reykjavik op 2024 (2)}) 9... b6 10. Re1 Bb7 11. Bg3 (11. e4 $11 g5 12. Bg3 Bxg3 13. hxg3) 11... Bxg3 $146 ({Predecessor:} 11... Ne4 12. dxc5 Nexc5 13. Bxd6 Qxd6 14. Bc2 Nf6 15. Nc4 Qc7 16. Nce5 O-O 17. Rc1 Rfd8 {½-½ Gonzalez Custodio,R (2186)-Picazo Lopez,J (2055) ESP-ch op-A Cala Mendia 2001 (6)}) 12. hxg3 O-O 13. Rc1 e5 {[%emt 0:00:04] ...e4 would now be deadly.} 14. dxe5 Nxe5 15. Nxe5 Qxe5 16. Nf3 Qe7 17. Bb1 Rfe8 18. Qa4 Ne4 19. Rcd1 Qf6 20. Qd7 Bc6 21. Qg4 Nd6 22. Qf4 Qxf4 (22... Qe7 {looks sharper.} 23. Nh4 Rad8 24. Nf5 Nxf5 25. Bxf5 h5) 23. gxf4 Nc4 24. Re2 Rad8 25. b3 Nd6 26. Red2 Nb5 27. Rc1 f6 28. Bd3 Nc7 (28... g5 $11) 29. Rcd1 a5 (29... g5 $11 {keeps the balance.}) 30. Bg6 Re7 {[%emt 0:00:03] [#]} 31. e4 $1 b5 (31... Red7 32. Bf5) 32. Nh4 b4 (32... Red7 $14) 33. cxb4 $16 axb4 34. Nf5 (34. Rc1 $16) 34... Red7 $11 35. exd5 (35. e5 $14 {is the one way to stay ahead.}) 35... Nxd5 $17 36. g3 {[%emt 0:00:15] [#]} Kf8 $1 (36... Nc3 37. Rxd7 Rxd7 38. Re1 $16) 37. Ne3 (37. Re1 $142) 37... Nc3 $1 (37... Nxe3 38. Rxd7 Rxd7 39. Rxd7 Bxd7 40. fxe3) 38. Rxd7 Rxd7 39. Rxd7 Bxd7 40. Bf5 $2 (40. Kf1) 40... Bxf5 $19 41. Nxf5 Nxa2 42. Nd6 {[%emt 0:00:07] Weighted Error Value: White=0.31/Black=0.12 (very precise)   Mistake:       	White=5     	Black=3      Inaccurate:     	White=4     	Black=4      OK:         	White=9     	Black=10     Best:        	---       	Black=3      Strong:       	---       	Black=1} 0-1

[Event "Djerba Festival Blitz 2025"]
[Site "Djerba"]
[Date "2025.02.21"]
[Round "9.4"]
[White "Maghsoodloo, Parham"]
[Black "Willems, Niels"]
[Result "1-0"]
[Annotator "TA"]
[ECO "A30"]
[WhiteElo "2680"]
[BlackElo "2414"]
[PlyCount "67"]
[EventDate "2025.02.15"]
[EventType "swiss"]
[EventCountry "TUN"]
[SourceTitle "playchess.com"]
[Source "ChessBase"]
[SourceQuality "1"]
[TimeControl "180+3"]

1. c4 Nf6 2. b3 c5 3. Bb2 Nc6 4. Nf3 d5 5. cxd5 Nxd5 6. g3 (6. Nc3 $11) 6... f6 $15 {[%emt 0:02:56] A30: Symmetrical English: Double Fianchetto and Hedgehog.} 7. Bg2 e5 8. O-O Be6 {[%emt 0:00:00] Black has an edge.} 9. a3 $5 {[%emt 0:00:23][%mdl 4] Exploring less charted territory.} (9. e3 $11 {was preferable.}) 9... Be7 10. e3 O-O 11. Qc2 Rc8 12. d3 Qd7 13. Nbd2 Rfd8 14. Rfd1 b6 15. Rac1 Bf8 $146 ({Predecessor:} 15... Bh3 16. Qc4 Bxg2 17. Kxg2 Kh8 18. h4 Na5 19. Qe4 Bf8 20. g4 Qf7 21. h5 Nc7 {1-0 Deac,B (2639)-Rodchenkov,V (2330) Titled Tuesday intern op 21st Sept blitz 2021 (1)}) 16. Qb1 Nde7 17. Bf1 Bf5 18. Ne4 Bg4 19. Be2 Be6 {[%emt 0:00:00] [#]} (19... Ng6 $15) 20. b4 $1 cxb4 21. axb4 Nxb4 22. Bxe5 Na2 (22... Ned5 $11 23. Bd4 Kh8) 23. Rxc8 $14 Rxc8 {[%emt 0:00:01] [#]} ({Black should play} 23... Qxc8 $14 24. Bd4 h6) 24. Bxf6 $1 $18 Bd5 (24... Qa4 25. Bb2) 25. Ba1 Nc6 (25... Qa4 $142 26. Bb2 Rc7) 26. d4 (26. Neg5 $18) 26... Ncb4 $2 {[%emt 0:00:04][%mdl 8192] This move loses the game for Black.} (26... Qf5 $16) 27. Neg5 g6 28. e4 Bc4 29. Ne5 Qe7 30. Bxc4+ Rxc4 31. Qb3 b5 32. Nxc4 bxc4 33. Qxc4+ Kh8 34. d5+ {[%emt 0:00:02] Weighted Error Value: White=0.15 (very precise) /Black=1.36  Loses game:     	---       	Black=1      Mistake:       	White=2     	Black=4      Inaccurate:     	White=2     	Black=3      OK:         	White=4     	Black=6      Best:        	White=3     	Black=1      Brilliant:      	White=1     	---} 1-0

[Event "Djerba Festival Blitz 2025"]
[Site "Djerba"]
[Date "2025.02.21"]
[Round "9.5"]
[White "Edouard, Romain"]
[Black "Viers, Emmanuel"]
[Result "1-0"]
[Annotator "TA"]
[ECO "A05"]
[WhiteElo "2544"]
[BlackElo "2072"]
[PlyCount "45"]
[EventDate "2025.02.15"]
[EventType "swiss"]
[EventCountry "TUN"]
[SourceTitle "playchess.com"]
[Source "ChessBase"]
[SourceQuality "1"]
[TimeControl "180+3"]

1. Nf3 Nf6 2. g3 b6 3. Bg2 Bb7 4. d3 g6 5. e4 d6 6. O-O Bg7 7. Nh4 {[%emt 0:00:03][%cal Oe4e5] e5! would now be deadly. A05: Réti Opening: 1 Nf3 Nf6.} e5 {[%emt 0:00:14] is the legacy move (7...Nfd7).} 8. f4 exf4 9. gxf4 $146 {[%emt 0:00:09] [#]} (9. e5 $14 Nd5 10. c4) ({Predecessor:} 9. e5 Nd5 10. c4 Ne3 11. Bxe3 Bxg2 12. Nxg2 fxe3 13. Qf3 O-O 14. Qxa8 Bxe5 15. Nc3 {1-0 Valmana Canto,J (2401)-Diaz Benitez,R (2001) Lanzarote op 2019 (4)}) 9... Nxe4 $2 10. Qe1 $16 O-O 11. dxe4 Re8 12. Nc3 Nd7 13. Nf3 {[%emt 0:00:35] Prevents Bd4+} f5 {[%emt 0:00:08] [#]} 14. e5 dxe5 15. fxe5 Nxe5 16. Qg3 Ng4 (16... Bxf3 $142 17. Bxf3 Nxf3+ 18. Qxf3 (18. Rxf3 Bd4+ 19. Kg2 Bxc3 $16) 18... Qd4+ 19. Kh1 Qc4) 17. Bg5 Qd7 18. Rad1 Qc6 19. Kh1 (19. Nd4 $18 Qxg2+ 20. Qxg2 Bxg2 21. Kxg2) 19... Bxc3 {[%emt 0:00:28] [#]} (19... Qc5 $16) 20. bxc3 ({White should try} 20. Nh4 $1 $18 Bf6 (20... Be5 $2 21. Qb3+ Kh8 22. Bxc6 $18) 21. Bxf6 (21. Bxc6 Bxc6+ 22. Kg1 Bxg5 $18) 21... Qxf6 22. Bxb7) 20... Qxc3 {[%emt 0:00:02] [#]} (20... Ne3 $16 {was called for.}) 21. Rd7 $1 $18 Re2 $2 (21... Bc6 22. Rxc7 (22. Qxc7 Rac8 $14) 22... Rac8) 22. Rxc7 Rxg2 23. Kxg2 {[%emt 0:00:20] Weighted Error Value: White=0.21 (precise) /Black=0.79  Mistake:       	White=4     	Black=5      OK:         	White=6     	Black=5      Best:        	White=2     	Black=1      Strong:       	White=1     	---} 1-0

[Event "Djerba Festival Blitz 2025"]
[Site "Djerba"]
[Date "2025.02.21"]
[Round "9.6"]
[White "Boudriga, Mohamed Ali"]
[Black "Kobalia, Mikhail"]
[Result "0-1"]
[Annotator "TA"]
[ECO "B44"]
[WhiteElo "2323"]
[BlackElo "2538"]
[PlyCount "69"]
[EventDate "2025.02.15"]
[EventType "swiss"]
[EventCountry "TUN"]
[SourceTitle "playchess.com"]
[Source "ChessBase"]
[SourceQuality "1"]
[TimeControl "180+3"]

1. e4 c5 2. Nf3 e6 3. d4 cxd4 4. Nxd4 Nc6 5. Nb5 d6 6. c4 Nf6 7. N1c3 a6 8. Na3 b6 9. Be2 Bb7 10. O-O Ne5 11. f3 Be7 12. Be3 Ned7 13. Qd2 Qc7 14. Rac1 Rc8 15. Rfd1 O-O 16. Bf1 Qb8 17. Nc2 {[%emt 0:00:53] B44: Sicilian: Taimanov: 5 Nb5.} Rfe8 18. Nd4 Bd8 19. Nb3 (19. Bf2 $14) 19... Bc7 $11 20. Bf4 Ne5 {[%emt 0:00:07][%cal Od6d5] [#] and ...d5! would now be decisive} 21. Kh1 $146 ({Predecessor:} 21. Bxe5 dxe5 22. Qf2 Bc6 23. Kh1 Red8 24. Rxd8+ Rxd8 25. a4 Nd7 26. Qc2 Bd6 27. a5 Nc5 28. Rd1 h5 29. axb6 Qxb6 30. Nxc5 Bxc5 31. Rxd8+ Qxd8 {½-½ Nunez Gregoire,D (2154)-Zeller,F (2328) Bamberg op 6th 2024 (4)}) 21... Nh5 (21... d5 $11 {was preferable.} 22. exd5 (22. cxd5 Nxf3 23. Bxc7 Nxd2 $15) 22... exd5 (22... Nxc4 23. Bxc7 Nxd2 24. Bxb8 $11)) 22. Bxe5 dxe5 23. c5 Nf4 (23... b5 $11) 24. Na4 Rcd8 25. Qf2 Rxd1 26. Rxd1 b5 27. Nb6 h5 (27... f5 $11) 28. Na5 $16 Ba8 29. b4 (29. g3 $16 Ng6 30. Bh3) 29... Rd8 $14 30. Rxd8+ ({But not} 30. Nd7 Qc8 31. c6 (31. Qd2 $2 Kh8 $19) 31... Bxa5 32. bxa5 Bxc6 $17 (32... Qxc6 $2 {loses.} 33. Nf6+ gxf6 34. Rxd8+ Kg7 35. Kg1 $18)) 30... Qxd8 31. Nxa8 Qxa8 32. Nb3 f5 {[%emt 0:00:14] [#]} (32... Ng6 $14) 33. exf5 (33. Qc2 $1 $16) 33... exf5 $11 34. Qd2 e4 35. Qe3 {[%emt 0:00:11] Weighted Error Value: White=0.21 (precise) /Black=0.23 (precise)   Mistake:       	White=3     	Black=4      Inaccurate:     	White=4     	---        OK:         	White=6     	Black=5      Best:        	---       	Black=1} 0-1

[Event "Djerba Festival Blitz 2025"]
[Site "Djerba"]
[Date "2025.02.21"]
[Round "9.7"]
[White "Amdouni, Zoubaier"]
[Black "Stopa, Jacek"]
[Result "1-0"]
[Annotator "ChessBase"]
[ECO "C01"]
[WhiteElo "2229"]
[BlackElo "2310"]
[PlyCount "37"]
[EventDate "2025.02.15"]
[EventType "swiss"]
[EventCountry "TUN"]
[SourceTitle "playchess.com"]
[Source "ChessBase"]
[SourceQuality "1"]
[TimeControl "180+3"]

1. e4 e6 2. d4 d5 3. Bd3 dxe4 4. Bxe4 Nf6 5. Bf3 c5 6. Ne2 Nc6 7. Be3 Nd5 8. Bxd5 Qxd5 9. Nbc3 Qxg2 10. Rg1 Qh3 11. Nb5 cxd4 12. Nexd4 Bb4+ 13. c3 Ba5 14. Nxc6 bxc6 15. Nd6+ Kf8 16. Qa4 Bc7 17. Qxc6 Bxd6 18. Qxd6+ Ke8 19. Qc6+ 1-0

[Event "Djerba Festival Blitz 2025"]
[Site "Djerba"]
[Date "2025.02.21"]
[Round "9.8"]
[White "Achour, Mohamed Anis"]
[Black "Gemelli, Romain"]
[Result "1/2-1/2"]
[Annotator "ChessBase"]
[ECO "D00"]
[WhiteElo "2066"]
[BlackElo "2203"]
[PlyCount "190"]
[EventDate "2025.02.15"]
[EventType "swiss"]
[EventCountry "TUN"]
[SourceTitle "playchess.com"]
[Source "ChessBase"]
[SourceQuality "1"]
[TimeControl "180+3"]

1. d4 Nf6 2. Bf4 d5 3. e3 c5 4. dxc5 e6 5. b4 a5 6. c3 axb4 7. cxb4 b6 8. Bxb8 Rxb8 9. Bb5+ Ke7 10. c6 Qc7 11. Nf3 Ke8 12. a3 Bd6 13. O-O e5 14. h3 Be6 15. Nbd2 Ke7 16. Qc2 Rhd8 17. e4 d4 18. Nc4 Kf8 19. Nxd6 Rxd6 20. Nxe5 Rbd8 21. Nd3 Nxe4 22. a4 Nc3 23. Rae1 Bf5 24. Qd2 Nxb5 25. axb5 Rd5 26. Ne5 Rxe5 27. Qf4 f6 28. Ra1 Bd3 29. Rfd1 Bxb5 30. Rxd4 Rxd4 31. Qxd4 Bxc6 32. Rc1 Qd7 33. Qxb6 Re6 34. b5 Bxb5 35. Qb8+ Re8 36. Qb6 Bd3 37. Rc7 Qe6 38. Qa7 Qe1+ 39. Kh2 Qe5+ 40. Kg1 Bg6 41. Rxg7 f5 42. Rc7 Re7 43. Qb8+ Kf7 44. Qb3+ Qe6 45. Rxe7+ Kxe7 46. Qb7+ Kf6 47. Qb2+ Kf7 48. Qb7+ Qe7 49. Qb3+ Kg7 50. Qc3+ Qf6 51. Qc7+ Bf7 52. Qg3+ Kh8 53. Qb8+ Bg8 54. Kh2 h6 55. Kg1 Kh7 56. Qc7+ Bf7 57. Kh2 Kg7 58. Kg1 f4 59. f3 h5 60. Kh2 Qg5 61. Kg1 Kh6 62. Qxf7 Qg3 63. Qf6+ Kh7 64. Qe7+ Kh6 65. Kh1 Kg6 66. Qe4+ Kg7 67. Qe2 Kh7 68. Kg1 Kg7 69. Qf2 Qg5 70. Kh2 Kh7 71. Qa7+ Kh6 72. Qb6+ Kh7 73. Qc7+ Kh6 74. Qd6+ Kh7 75. Qd7+ Kh6 76. Qc6+ Kh7 77. Qc1 Qg3+ 78. Kg1 Kg7 79. Qf1 Kh7 80. Qf2 Qg5 81. h4 Qe5 82. Kh2 Qf6 83. g3 fxg3+ 84. Qxg3 Qb2+ 85. Kh3 Qc2 86. f4 Qf5+ 87. Kg2 Qc2+ 88. Kf3 Qd3+ 89. Kf2 Qd2+ 90. Kg1 Qd1+ 91. Kh2 Qe2+ 92. Qg2 Qe1 93. Qg5 Qf2+ 94. Kh3 Qf1+ 95. Kh2 Qf2+ 1/2-1/2

[Event "Djerba Festival Blitz 2025"]
[Site "Djerba"]
[Date "2025.02.21"]
[Round "9.9"]
[White "Bouzidi, Ahmed"]
[Black "Messala, Noureddine"]
[Result "0-1"]
[Annotator "ChessBase"]
[ECO "B22"]
[WhiteElo "2168"]
[BlackElo "2069"]
[PlyCount "114"]
[EventDate "2025.02.15"]
[EventType "swiss"]
[EventCountry "TUN"]
[SourceTitle "playchess.com"]
[Source "ChessBase"]
[SourceQuality "1"]
[TimeControl "180+3"]

1. e4 c5 2. c3 d5 3. exd5 Qxd5 4. Na3 Nf6 5. Nf3 e6 6. d4 cxd4 7. Nb5 Qd8 8. Nbxd4 Nc6 9. Bb5 Bd7 10. O-O Be7 11. Qe2 O-O 12. Rd1 Qb6 13. Nb3 Nd5 14. c4 Nf6 15. Be3 Qc7 16. Nc5 Rad8 17. Nxd7 Rxd7 18. Rxd7 Nxd7 19. Rd1 a6 20. Ba4 Nf6 21. Bc2 Rd8 22. a3 Rd7 23. b4 Qd8 24. h3 Rxd1+ 25. Qxd1 Qxd1+ 26. Bxd1 Ne4 27. Bc2 Nd6 28. Bd3 e5 29. c5 Nb5 30. Bxb5 axb5 31. Bd2 Bf6 32. Bc3 e4 33. Bxf6 exf3 34. Bc3 fxg2 35. Kxg2 Kf8 36. Kf3 f6 37. Ke4 Ke7 38. Kd5 Kd7 39. f4 Ne7+ 40. Ke4 Kc6 41. h4 Ng6 42. h5 Ne7 43. h6 f5+ 44. Kf3 gxh6 45. Bg7 h5 46. Kg3 Ng6 47. Bf6 Kd5 48. Bb2 Ke4 49. Bc1 h4+ 50. Kh3 Nxf4+ 51. Kxh4 Nd3 52. Bd2 Kf3 53. Kg5 f4 54. Kf5 h5 55. Kg5 h4 56. Kxh4 Ke2 57. Bxf4 Nxf4 0-1

[Event "Djerba Festival Blitz 2025"]
[Site "Djerba"]
[Date "2025.02.21"]
[Round "9.10"]
[White "Njili, Kamel"]
[Black "MEZGOURI NOUREDDINE"]
[Result "1-0"]
[Annotator "ChessBase"]
[ECO "B01"]
[WhiteElo "2406"]
[BlackElo "1891"]
[PlyCount "67"]
[EventDate "2025.02.15"]
[EventType "swiss"]
[EventCountry "TUN"]
[SourceTitle "playchess.com"]
[Source "ChessBase"]
[SourceQuality "1"]
[TimeControl "180+3"]

1. e4 d5 2. exd5 Nf6 3. d4 Nxd5 4. c4 Nf6 5. Nc3 g6 6. Nf3 Bg7 7. h3 a6 8. Be2 b6 9. O-O O-O 10. Re1 Bb7 11. Bg5 h6 12. Bf4 e6 13. Qd2 Kh7 14. Rad1 Nbd7 15. Qe3 Qc8 16. b4 Re8 17. Ne5 Nxe5 18. dxe5 Ng8 19. h4 Ne7 20. g4 c5 21. b5 axb5 22. Nxb5 Rxa2 23. Nd6 Qc6 24. f3 Rea8 25. Nxf7 R8a3 26. Rd3 Ra1 27. Rxa1 Rxa1+ 28. Kf2 Ra2 29. Nd8 Qc8 30. Rd6 Nc6 31. Nxe6 Nd4 32. Nxd4 cxd4 33. Qxd4 Qc6 34. Rxc6 1-0

[Event "Djerba Festival Blitz 2025"]
[Site "Djerba"]
[Date "2025.02.21"]
[Round "9.11"]
[White "Filali, Razzouki Marouane"]
[Black "Msalmi, Hamed"]
[Result "1-0"]
[Annotator "ChessBase"]
[ECO "B13"]
[WhiteElo "2234"]
[BlackElo "1747"]
[PlyCount "105"]
[EventDate "2025.02.15"]
[EventType "swiss"]
[EventCountry "TUN"]
[SourceTitle "playchess.com"]
[Source "ChessBase"]
[SourceQuality "1"]
[TimeControl "180+3"]

1. e4 c6 2. d4 d5 3. exd5 cxd5 4. Bd3 Nf6 5. Nf3 Bg4 6. c3 Nc6 7. Bf4 e6 8. h3 Bh5 9. Nbd2 Bd6 10. Bg5 a6 11. O-O Qc7 12. Rc1 Bf4 13. Bxf4 Qxf4 14. Qe2 O-O 15. Rfe1 b5 16. Qe3 Qxe3 17. Rxe3 Nd7 18. g4 Bg6 19. Bxg6 hxg6 20. b3 Rac8 21. c4 bxc4 22. bxc4 Na5 23. c5 Rb8 24. Ra3 Rb5 25. Nb1 Nc6 26. Rxa6 Rc8 27. a3 Rb2 28. Nc3 e5 29. Nxd5 Kf8 30. dxe5 Ndxe5 31. Nxe5 Nxe5 32. c6 Rd2 33. Nb6 Rc7 34. Na4 Rd6 35. Rc5 Nf3+ 36. Kg2 Ne1+ 37. Kf1 Nd3 38. Rc3 Nf4 39. f3 Rd2 40. Nc5 Nxh3 41. Ne4 Ra2 42. Rb6 Ke7 43. Rb7 Kd8 44. Nd6 Rf2+ 45. Ke1 Ra2 46. Nxf7+ Kc8 47. Nd6+ Kd8 48. Re3 Rxb7 49. cxb7 Kc7 50. Re8 Rb2 51. Rc8+ Kxd6 52. b8=Q+ Rxb8 53. Rxb8 1-0

[Event "Djerba Festival Blitz 2025"]
[Site "Djerba"]
[Date "2025.02.21"]
[Round "9.12"]
[White "Maisuradze, Nino"]
[Black "Dejardin, Gregoire"]
[Result "0-1"]
[Annotator "ChessBase"]
[ECO "D10"]
[WhiteElo "2174"]
[BlackElo "1932"]
[PlyCount "82"]
[EventDate "2025.02.15"]
[EventType "swiss"]
[EventCountry "TUN"]
[SourceTitle "playchess.com"]
[Source "ChessBase"]
[SourceQuality "1"]
[TimeControl "180+3"]

1. d4 c6 2. c4 d5 3. cxd5 cxd5 4. Nc3 Nc6 5. Bf4 a6 6. e3 Nf6 7. Bd3 e6 8. Rc1 Bd6 9. Bxd6 Qxd6 10. f4 Bd7 11. Nf3 Rc8 12. O-O b5 13. h3 h5 14. Ne5 Ne7 15. Qf3 g6 16. a3 Nf5 17. g4 Ne7 18. Rc2 hxg4 19. hxg4 Kf8 20. Rg2 Bc6 21. f5 exf5 22. gxf5 gxf5 23. Bxf5 Nxf5 24. Qxf5 Ke7 25. Rf3 Rcg8 26. Rfg3 Rxg3 27. Rxg3 Bd7 28. Qf4 Be6 29. Rg2 Rg8 30. Ne2 Rxg2+ 31. Kxg2 Ne4 32. Qh4+ Ke8 33. Nf4 Qf8 34. Kf3 Qg7 35. Nxe6 fxe6 36. Qh5+ Ke7 37. Ng6+ Kd6 38. Qh2+ Kc6 39. Ne5+ Kb7 40. Qh3 Qf6+ 41. Ke2 Qf2+ 0-1